 Dungeon Crawl Stone Soup version 0.20.1-1-g8b1a95d (webtiles) character file.

94 Phantomfrettchen the Skirmisher (level 4, 0/35 HPs)
             Began as a Demonspawn Chaos Knight on Oct 2, 2017.
             Slain by a centaur skeleton (3 damage)
             ... on level 4 of the Dungeon.
             The game lasted 00:15:28 (2762 turns).

Phantomfrettchen the Skirmisher (DsCK)              Turns: 2762, Time: 00:15:37

Health: 0/35       AC:  8    Str: 10 (12) XL:     4   Next: 38%
Magic:  4/4        EV: 12    Int: 10 (13) God:    Xom [......]
Gold:   203        SH:  0    Dex: 11 (14) Spells: 3/3 levels left

rFire    + . .     SeeInvis .   l - +2 mace (pain)
rCold    x . .     Gourm    .   (no shield)
rNeg     . . .     Faith    .   a - +2 leather armour
rPois    .         Spirit   .   c - +0 helmet
rElec    +         Reflect  .   (no cloak)
rCorr    +         Harm     .   (no gloves)
MR       +....                  (no boots)
Stlth    +.........             (no amulet)
Regen    0.2/turn               o - ring of resist corrosion
MPRegen  0.1/turn               r - ring of fire

@: no status effects
A: yellow scales 1, magic resistance 1, electricity resistance
a: Renounce Religion


You were on level 4 of the Dungeon.
You worshipped Xom.
You were a very special plaything of Xom.
You were very hungry.

You visited 1 branch of the dungeon, and saw 4 of its levels.

You collected 203 gold pieces.

Inventory:

Hand Weapons
 l - a +2 mace of pain (weapon)
 t - a +2 short sword of venom
 A - a +0 battleaxe
 F - a +0 blowgun
Missiles
 d - 100 stones (quivered)
 n - 19 sling bullets
 x - 22 bolts
 C - 25 arrows
 E - 5 poisoned needles
Armour
 a - a +2 leather armour (worn)
 c - a +0 helmet (worn)
 w - a +0 hat
 B - a +0 pair of boots
Jewellery
 o - a ring of resist corrosion (left hand)
 r - a ring of fire (right hand)
Wands
 y - a wand of lightning (8/15)
Scrolls
 e - 2 scrolls of identify {unknown}
 f - 3 scrolls of amnesia {unknown}
 g - 2 scrolls of enchant armour {unknown}
 h - a scroll of blinking {unknown}
 j - 3 scrolls of teleportation
 k - 3 scrolls of remove curse
 m - 2 scrolls of noise {unknown}
 p - 2 scrolls of recharging {unknown}
Potions
 z - a potion of flight
Comestibles
 b - 3 bread rations
 i - 4 meat rations


   Skills:
 - Level 3.0 Fighting
 - Level 1.0 Short Blades
 - Level 1.0 Maces & Flails
 + Level 1.8 Throwing
 - Level 2.0 Armour
 - Level 2.0 Dodging
 - Level 3.0 Unarmed Combat


You had 3 spell levels left.
You didn't know any spells.

Dungeon Overview and Level Annotations

Branches:
Dungeon (4/15)
 Temple: D:4-7

Altars:


Innate Abilities, Weirdness & Mutations

You are partially covered in yellow scales. (AC +2)
You are resistant to hostile enchantments. (MR+)
You are resistant to electric shocks. (rElec)


Message History

The phantom completely misses you.
You hit the phantom.
The phantom is moderately damaged.
The phantom barely misses you.
You sock the phantom!
The phantom is heavily damaged.
The phantom hits you.
* * * LOW HITPOINT WARNING * * *
The phantom hits you.
* * * LOW HITPOINT WARNING * * *
The phantom blinks!
It was a potion of mutation.
You feel extremely strange.
You feel resistant to hostile enchantments.
You feel insulated.
You hear Xom's avuncular chuckle.
The orc evaporates and reforms as a gnoll!
The gnoll picks up a flail of crushing.
The gnoll wields a flail of crushing.
The centaur skeleton hits you.
You die...
Xom chortles!

#.# #.# #.#
#.# #.# #.#
#.# # #@# .#
#Z##.##..
####.g.....#
#...........
#...........
#...........
###?.....W..
#.........
#...>...%.


You could see a phantom, a gnoll and a centaur skeleton.

Vanquished Creatures
  4 adders
  2 leopard geckos
  A giant cockroach (D:2)
  4 hobgoblins
  10 jackals
  2 quokkas
  6 ball pythons
  9 bats
  3 frilled lizards
  4 goblins
  7 kobolds
  5 rats
57 creatures vanquished.

Notes
Turn   | Place    | Note
-------+----------+-------------------------------------------
     0 | D:1      | Phantomfrettchen the Demonspawn Chaos Knight began the quest for the Orb.
     0 | D:1      | Reached XP level 1. HP: 18/18 MP: 1/1
    97 | D:1      | Reached skill level 1 in Dodging
   188 | D:1      | XOM: silly message
   239 | D:1      | Gained mutation: You are partially covered in yellow scales. (AC +2) [demonic ancestry]
   239 | D:1      | Reached XP level 2. HP: 13/24 MP: 2/2
   684 | D:1      | XOM: divination: magic mapping
   878 | D:2      | XOM: harmless Erth miscast
   942 | D:2      | XOM: harmless Ice miscast
   955 | D:2      | Reached XP level 3. HP: 9/29 MP: 3/3
  1042 | D:2      | XOM: 8-stop teleportation journey
  1730 | D:3      | Reached skill level 1 in Short Blades
  1730 | D:3      | Reached skill level 1 in Throwing
  1918 | D:3      | XOM: noise
  2058 | D:3      | XOM: 4-stop teleportation journey
  2209 | D:3      | Reached XP level 4. HP: 27/35 MP: 4/4
  2300 | D:3      | Reached skill level 1 in Maces & Flails
  2311 | D:3      | XOM: harmless Ice miscast
  2373 | D:3      | XOM: medium Tloc miscast
  2420 | D:3      | XOM: noise
  2729 | D:4      | Noticed a phantom
  2756 | D:4      | XOM: confusion
  2762 | D:4      | Gained mutation: You are resistant to hostile enchantments. (MR+) [potion of mutation]
  2762 | D:4      | Gained mutation: You are resistant to electric shocks. (rElec) [potion of mutation]
  2762 | D:4      | XOM: polymorph orc -> gnoll
  2762 | D:4      | Slain by a centaur skeleton

Skill      XL: |  1  2  3  4 |
---------------+-------------+-----
Dodging        | 1 2 |  2.0
Unarmed Combat | 3 |  3.0
Armour         | 2 |  2.0
Short Blades   | 1 |  1.0
Throwing       | 1 |  1.8
Maces & Flails | 1 |  1.0
Fighting       | |  3.0

Action                   |  1- 3 |  4- 6 || total
-------------------------+-------+-------++-------
Melee: Unarmed           |    68 |       ||    68
       Punch             |     3 |       ||     3
       Short sword       |    70 |       ||    70
       Mace              |    19 |    44 ||    63
Throw: Stone             |    71 |    28 ||    99
  Use: Scroll            |     2 |       ||     2
       Potion            |       |     6 ||     6
  Eat: Chunk             |     4 |     1 ||     5
Armor: Leather armour    |    77 |    10 ||    87
Dodge: Dodged            |   138 |    41 ||   179
